 Dungeon Crawl Stone Soup version 0.31-a0-1447-g87ca8d402b (webtiles) character file.

Game seed: 3878819770613035881

756 night the Ruffian (level 7, -5/67 HPs)
             Began as a Troll Shapeshifter on Dec 27, 2023.
             Was an Initiate of Hepliaklqana.
             Slain by an iguana (13 damage)
             ... on level 5 of the Dungeon.
             The game lasted 00:07:00 (4300 turns).

night the Ruffian (Troll Shapeshifter)              Turns: 4300, Time: 00:07:00

Health: -5/67      AC:  3    Str: 25    XL:     7   Next: 50%
Magic:  6/6        EV:  9    Int:  6    God:    Hepliaklqana [......]
Gold:   339        SH:  0    Dex:  9    Spells: 6/6 levels left

rFire   . .          .
                       - Unarmed
rCold   . . .        (no shield)
rNeg    . . .        (body armour restricted)
rPois   .            (helmet restricted)
rElec   .            C - +0 cloak
rCorr   .            (gloves unavailable)
SInv    .            (boots unavailable)
Will    .....        (no amulet)
Stlth   +            (no ring)
HPRegen 1.11/turn    (no ring)
MPRegen 0.10/turn

%: no passive effects
@: no status effects
A: large, unfitting armour, claws 3, regeneration 1, shaggy fur 1, tough skin 1
a: Renounce Religion


You were on level 5 of the Dungeon.
You worshipped Hepliaklqana.
Hepliaklqana was noncommittal.
You visited 2 branches of the dungeon, and saw 6 of its levels.

You collected 339 gold pieces.

Inventory:

Missiles
 e - 47 stones
 p - a throwing net
 v - 6 poisoned darts
 w - 9 boomerangs
Armour
 a - a +0 animal skin
 C - a +0 cloak (worn)
Talismans
 c - a beast talisman
 d - a flux talisman
 m - a blade talisman
 s - a maw talisman
Scrolls
 h - 10 scrolls of identify {unknown}
 l - a scroll of revelation {unknown}
 o - 2 scrolls of poison {unknown}
 q - a scroll of noise {unknown}
 u - a scroll of fog {unknown}
 y - a scroll of blinking {unknown}
 z - a scroll of amnesia {unknown}
 A - 2 scrolls of teleportation {unknown}
Potions
 b - a potion of lignification
 f - a potion of degeneration {unknown}
 g - 3 potions of attraction {unknown}
 i - a potion of resistance {unknown}
 j - a potion of ambrosia {unknown}
 k - 3 potions of mutation {unknown}
 n - 2 potions of magic {unknown}
 r - a potion of curing {unknown}
 t - 2 potions of brilliance {unknown}
 x - a potion of heal wounds {unknown}
 B - 2 potions of invisibility {unknown}


   Skills:
 + Level 3.5 Fighting
 - Level 1.5 Dodging
 + Level 6.4 Unarmed Combat
 + Level 4.9 Shapeshifting


You had 6 spell levels left.
You didn't know any spells.
Your spell library contained the following spells:

 Spells                   Type           Power      Damage    Failure   Level
 Call Imp                 Summ           0%         N/A       58%         2
 Sublimation of Blood     Necr           0%         N/A       58%         2
 Tukima's Dance           Hex            0%         N/A       83%         3
 Dimensional Bullseye     Hex/Tloc       0%         N/A       99%         4
 Iskenderun's Mystic Bla  Conj/Tloc      0%         2d3       99%         4
 Summon Hydra             Summ           0%         N/A       100%        7


Dungeon Overview and Level Annotations

Branches:
Dungeon (5/15)             Temple (1/1) D:5

Altars:
Ashenzari
Cheibriados
Dithmenos
Elyvilon
Fedhas
Gozag
Hepliaklqana
Kikubaaqudgha
Nemelex Xobeh
Qazlal
Ru
Sif Muna
Trog
Uskayaw
Vehumet
Wu Jian
Xom
Yredelemnul
Zin
The Shining One

Annotations:
D:1 2 runed translucent doors


Innate Abilities, Weirdness & Mutations

You are too large for most types of armour.
You have claws for hands.
Your natural rate of healing is unusually fast.
You are covered in fur. (AC +1)
You have tough skin. (AC +1)


Message History

The hound is lightly wounded.
The hound barely misses you.
You closely miss the hound.
The hound is lightly wounded.
The hound bites you. The iguana bites you. The hound barely misses you.
The iguana attacks as it pursues you! The iguana bites you!
The hound attacks as it pursues you! The hound closely misses you.
The hound bites you. The hound bites you but does no damage.
You barely miss the hound.
The hound is lightly wounded.
The hound barely misses you. The iguana bites you!
* * * LOW HITPOINT WARNING * * *
The hound closely misses you.
You scratch the hound.
The hound is heavily wounded.
The hound bites you but does no damage. The iguana bites you!
* * * LOW HITPOINT WARNING * * *
You miss the hound.
The hound is heavily wounded.
The hound stops to sniff the ground.
The hound barely misses you. The iguana barely misses you.
You barely miss the hound.
The hound is heavily wounded.
The hound bites you.
* * * LOW HITPOINT WARNING * * *
The iguana closely misses you. The hound bites you.
* * * LOW HITPOINT WARNING * * *
The hound attacks as it pursues you! The hound barely misses you. x2
The hound bites you.
* * * LOW HITPOINT WARNING * * *
The hound attacks as it pursues you! The hound bites you but does no damage.
The iguana attacks as it pursues you! The iguana closely misses you.
The hound attacks as it pursues you! The hound bites you.
* * * LOW HITPOINT WARNING * * *
The hound barely misses you.
There is a stone staircase leading down here.
The hound bites you but does no damage. The jelly barely misses you.
The iguana bites you!
You die...

#....##..##..............†......
#....#..###.....................
##...#..........................
##.#.......†...................
#########...................#.
#†.........##.......#
#..........###..###... ##
♣♣##.....Jo...# #..# ##. .#♣♣
♣♣...)...@h....# ##..#
.).♣♣♣♣.........l....# #.#
.#♣..♣..).).........## ..
##♣♣♣.♣...).##.....##
♣♣♣♣♣##...###### #...# ####...#
###...#### #........#


You could see an iguana, a hound, a jelly and an orc.

Vanquished Creatures
  Grinder (D:3)
  An ogre (D:4)
  2 bombardier beetles
  Crazy Yiuf (D:5)
  3 hounds (D:5)
  3 iguanas
  Jessica (D:2)
  4 gnolls
  6 adders
  A white imp (D:5)
  A worm (D:2)
  11 dart slugs
  3 orcs
  8 ball pythons
  5 endoplasms
  4 goblins
  3 hobgoblins
  8 jackals
  4 bats
  2 frilled lizards
  9 kobolds
  2 rats (D:1)
83 creatures vanquished.

Notes
Turn   | Place    | Note
-------+----------+-------------------------------------------
     0 | D:1      | night the Troll Shapeshifter began the quest for the Orb.
     0 | D:1      | Reached XP level 1. HP: 18/18 MP: 0/0
    33 | D:1      | Found a large runed translucent door.
    34 | D:1      | Found a large runed translucent door.
    40 | D:1      | Reached skill level 1 in Fighting
   157 | D:1      | Reached XP level 2. HP: 27/27 MP: 1/1
   402 | D:1      | Found a faded altar of an unknown god.
  1373 | D:2      | Noticed Jessica
  1381 | D:2      | Killed Jessica
  1382 | D:2      | Reached XP level 3. HP: 33/33 MP: 2/2
  1582 | D:2      | Reached skill level 4 in Unarmed Combat
  1930 | D:2      | Reached XP level 4. HP: 38/42 MP: 3/3
  2572 | D:3      | Reached skill level 2 in Fighting
  2637 | D:3      | Noticed Grinder
  2653 | D:3      | HP: 5/42 [Grinder (7)]
  2654 | D:3      | Killed Grinder
  2655 | D:3      | Reached skill level 5 in Unarmed Combat
  2655 | D:3      | Reached XP level 5. HP: 5/50 MP: 4/4
  2655 | D:3      | Reached XP level 6. HP: 6/59 MP: 5/5
  3755 | D:5      | Entered Level 5 of the Dungeon
  3772 | D:5      | Reached skill level 6 in Unarmed Combat
  3791 | D:4      | Reached XP level 7. HP: 48/67 MP: 6/6
  4061 | D:5      | Found a staircase to the Ecumenical Temple.
  4085 | Temple   | Entered the Ecumenical Temple
  4104 | Temple   | Became a worshipper of Hepliaklqana the Forgotten
  4199 | D:5      | Found a runed translucent door.
  4200 | D:5      | Noticed Crazy Yiuf
  4206 | D:5      | Killed Crazy Yiuf
  4292 | D:5      | HP: 9/67 [iguana (11)]
  4297 | D:5      | HP: 8/67 [hound (2)]
  4300 | D:5      | Slain by an iguana

Illustrated notes

Levels and vault maps discovered:
D:1:      erik_arrival_cave_to_civilisation [erik_arrival_cave_to_temple],
          layout_basic, hellmonk_ecumenical_altar_pennies_from_heaven,
          solitary_fountain
D:2:      layout_basic, uniq_jessica
D:3:      layout_rooms, reono_crystal_passage, uniq_grinder
D:4:      layout_loops_corners, minmay_ruptured
D:5:      kennysheep_slugbush, layout_rooms, minmay_temple_entry_overgrown,
          uniq_crazy_yiuf_cottage
Temple:   nicolae_temple_slightly_damp_pantheon

Skill      XL: |  1  2  3  4  5  6 |
---------------+-------------------+-----
Fighting       | 1 2 3 |  3.5
Unarmed Combat | 4 5 6 |  6.4
Shapeshifting  | 4 |  4.9
Dodging        | |  1.5

Action                     |  1- 3 |  4- 6 |  7- 9 || total
---------------------------+-------+-------+-------++-------
  Melee: Unarmed           |    75 |    73 |    57 ||   205
         Punch             |     1 |     1 |     3 ||     5
         Maw               |       |     1 |       ||     1
Ability: Begin Untransform |       |       |     1 ||     1
   Stab: Sleeping          |       |     1 |       ||     1
 Armour: Animal skin       |    53 |    62 |    32 ||   147
         Skin              |       |     6 |    24 ||    30
  Dodge: Dodged            |    30 |    40 |    38 ||   108
   Form: Beast             |       |     1 |       ||     1
         Maw               |       |     1 |       ||     1

Table legend: (Time is in decaauts)
 A = Elapsed time spent in this place.
 B = Non-inter-level travel time spent in this place.
 C = Inter-level travel time spent in this place.
 D = Time resting spent in this place.
 E = Time spent auto-exploring this place.
 F = Levels seen in this place.
 G = Mean time per level.
                   A        B        C        D        E       F      G
               +--------+--------+--------+--------+--------+-----+--------+
         Total |   4293 |   4091 |    202 |    236 |   3220 |   6 |  715.5 |
       Dungeon |   4255 |   4090 |    165 |    236 |   3220 |   5 |  851.0 |
        Temple |     38 |      1 |     37 |      0 |      0 |   1 |   38.0 |
               +--------+--------+--------+--------+--------+-----+--------+

Top non-repeatable levels by time:
     D:1: 1370 daAuts
     D:2: 1116 daAuts
     D:4: 847 daAuts
     D:3: 489 daAuts
     D:5: 431 daAuts
  Temple: 38 daAuts
